 Dungeon Crawl Stone Soup version 0.30-a0-339-g89bb51ec76 (webtiles) character file.

Game seed: 16539242885295254997

40 hikkokomori the Digger (level 3, -1/28 HPs)
             Began as a Demigod Earth Elementalist on Nov 1, 2022.
             Slain by a goblin
             ... wielding a +0 club
             ... led by Robin
              (5 damage)
             ... on level 2 of the Dungeon.
             The game lasted 00:03:12 (1583 turns).

hikkokomori the Digger (Demigod Earth Elementalist) Turns: 1583, Time: 00:03:13

Health: -1/28      AC:  3    Str: 13    XL:     3   Next: 14%
Magic:  5/8        EV: 12    Int: 21    God:
Gold:   82         SH:  0    Dex: 14    Spells: 3/6 levels left

rFire   + . .      SeeInvis .    i - +6 long sword of Valour {holy, *Slow rF+ Str+4}
rCold   . . .      Faith    .    (no shield)
rNeg    . . .      Spirit   .    a - +0 robe
rPois   .          Reflect  .    (no helmet)
rElec   .          Harm     .    f - +0 cloak
rCorr   .          Rampage  .    (no gloves)
Will    .....                    (no boots)
Stlth   ++........               (no amulet)
HPRegen 0.24/turn                (no ring)
MPRegen 0.11/turn                (no ring)

@: no status effects
A: high MP 1, forlorn, divine attributes
a: no special abilities


You were on level 2 of the Dungeon.
You visited 1 branch of the dungeon, and saw 2 of its levels.

You collected 82 gold pieces.

Inventory:

Hand Weapons
 h - a +0 dagger
 i - the +6 long sword of Valour (weapon) {holy, *Slow rF+ Str+4}
   (You found it on level 2 of the Dungeon)

   It has been blessed by the Shining One to cause great damage to the undead
   and demons.
   Str:       It affects your strength (+4).
   rF:        It protects you from fire.
   *Slow:     It may slow you when you take damage.
Armour
 a - a +0 robe (worn)
 f - a +0 cloak (worn)
Scrolls
 c - 2 scrolls of identify {unknown}
 d - 2 scrolls of enchant armour {unknown}
 e - a scroll of teleportation {unknown}
 g - a scroll of vulnerability {unknown}
Potions
 b - a potion of magic


   Skills:
 + Level 1.1 Fighting
 - Level 1.7 Dodging
 - Level 1.7 Stealth
 + Level 2.2 Spellcasting
 - Level 0.8 Transmutations
 * Level 3.4 Earth Magic


You had 3 spell levels left.
You knew the following spells:

 Your Spells              Type           Power      Damage    Failure   Level
a - Sandblast             Erth           32%        2d9       3%          1
b - Passwall              Tmut/Erth      9%         N/A       9%          2

Your spell library contained the following spells:

 Spells                   Type           Power      Damage    Failure   Level
 Stone Arrow              Conj/Erth      18%        3d8       22%         3
 Portal Projectile        Hex/Tloc       4%         N/A       41%         3
 Tukima's Dance           Hex            2%         N/A       41%         3
 Petrify                  Tmut/Erth      11%        N/A       52%         4
 Blade Hands              Tmut           2%         N/A       96%         5


Dungeon Overview and Level Annotations

Branches:
Dungeon (2/15)

Annotations:
D:2 Robin, Sigmund


Innate Abilities, Weirdness & Mutations

You have an increased reservoir of magic. (+10% MP)
You shall have no god before yourself.
Your divine heritage dramatically boosts your attributes as you level up.


Message History

You hit the goblin.
You kill the goblin!
A rat comes into view.
You slash the goblin!
You kill the goblin!
The goblin misses you.
You hit the goblin but do no damage.
A hobgoblin comes into view. It is quivering poisoned darts.
Robin roars a battlecry!
The goblins go into a battle-frenzy!
The goblin hits you but does no damage.
Okay, then.
Casting: Sandblast (safe; 3% risk of failure)
Confirm with . or Enter, or press ? or * to list all spells.
Aiming: Sandblast (safe; 3% risk of failure)
Press: ? - help, Shift-Dir - straight line, f - goblin
Aim: a goblin, wielding a +0 dagger (strong, 77% to hit)
The blast of sand hits the goblin!!
You kill the goblin!
The hobgoblin shouts!
Unknown command.
Casting: Sandblast (safe; 3% risk of failure)
Confirm with . or Enter, or press ? or * to list all spells.
Aiming: Sandblast (safe; 3% risk of failure)
Press: ? - help, Shift-Dir - straight line, f - hobgoblin
Aim: a hobgoblin (strong, 82% to hit)
The blast of sand misses the hobgoblin.
Robin throws the goblin at you! The goblin closely misses you.
The hobgoblin barely misses you. The goblin hits you with a +0 club.
The hobgoblin barely misses you.
Unknown command.
The goblin hits you but does no damage.
Items here: ))))) †††.
The goblin attacks as you move away! The goblin closely misses you.
Robin throws the goblin at you!
* * * LOW HITPOINT WARNING * * *
The goblin hits you but does no damage. The hobgoblin attacks as you move away!
The hobgoblin hits you.
* * * LOW HITPOINT WARNING * * *
The goblin attacks as you move away! The goblin hits you with a +0 club.
You die...

........g.#####.##
#.##....g#.........
..##.###g##.....# # ##
...#.###)....##.#..>...# .####.
#......###..........#..##
......####....g###.###.#.>..##...
.........##...g##..###.#.....# #.
...............g.......#.)...###.
...............g@.............##.
##.................>.............
......<..........................
.##.#............................
..#...........................
#..##...##...................##
... .#......................##
#### .......................##
........^..............###


You could see a hobgoblin (strong) and 3 goblins.

Vanquished Creatures
  4 ball pythons
  3 endoplasms
  2 giant cockroaches (D:1)
  10 goblins
  3 hobgoblins (D:1)
  2 jackals (D:1)
  A quokka (D:1)
  2 bats (D:1)
  2 frilled lizards
  A kobold (D:1)
  5 rats
35 creatures vanquished.

Notes
Turn   | Place    | Note
-------+----------+-------------------------------------------
     0 | D:1      | hikkokomori the Demigod Earth Elementalist began the quest
                  | for the Orb.
     0 | D:1      | Reached XP level 1. HP: 14/14 MP: 5/5
   381 | D:1      | Reached skill level 3 in Earth Magic
   430 | D:1      | Reached XP level 2. HP: 22/22 MP: 5/7
  1054 | D:1      | Reached skill level 1 in Fighting
  1340 | D:2      | Noticed Sigmund
  1485 | D:2      | Learned a level 2 spell: Passwall
  1527 | D:2      | Identified the +6 long sword of Valour {holy, *Slow rF+
                  | Str+4}
  1561 | D:2      | Noticed Robin
  1572 | D:2      | Reached XP level 3. HP: 12/28 MP: 8/8
  1583 | D:2      | Slain by a goblin

Illustrated notes

Levels and vault maps discovered:
D:1:      wheals_arrival_linesprint, layout_basic
D:2:      layout_rooms, amcnicky_mini_rare_corridor_liquid, uniq_robin,
          uniq_sigmund

Skill      XL: |  1  2 |
---------------+-------+-----
Earth Magic    | 3 |  3.4
Spellcasting   | 2 |  2.2
Fighting       | 1 |  1.1
Dodging        | |  1.7
Stealth        | |  1.7
Transmutations | |  0.8

Action                   || total
-------------------------++-------
Melee: Long sword        ||     8
       Unarmed           ||     1
 Cast: Sandblast         ||    41
Armor: Robe              ||    10
Dodge: Dodged            ||    22

Table legend: (Time is in decaauts)
 A = Elapsed time spent in this place.
 B = Non-inter-level travel time spent in this place.
 C = Inter-level travel time spent in this place.
 D = Time resting spent in this place.
 E = Time spent auto-exploring this place.
 F = Levels seen in this place.
 G = Mean time per level.
                   A        B        C        D        E       F      G
               +--------+--------+--------+--------+--------+-----+--------+
         Total |   1605 |   1493 |    112 |     17 |   1240 |   2 |  802.5 |
       Dungeon |   1605 |   1493 |    112 |     17 |   1240 |   2 |  802.5 |
               +--------+--------+--------+--------+--------+-----+--------+

Top non-repeatable levels by time:
     D:1: 1417 daAuts
     D:2: 188 daAuts
